 Dungeon Sprint DCSS version 0.24.0-123-gd5b16e6ec5 (webtiles) character file.

Game seed: 18001519326032882441, levelgen mode: deterministic

607 McKennaii the Destroyer (level 7, -9/51 (53) HPs)
             Began as a Red Draconian Conjurer on Jan 26, 2020.
             Shot with a bolt by a yaktaur captain (38 damage)
             ... in the Dungeon (Sprint II: "The Violet Keep of Menkaure").
             The game lasted 00:03:07 (908 turns).

McKennaii the Destroyer (Red Draconian Conjurer)     Turns: 908, Time: 00:03:07

HP:   -9/51 (53)    AC:  6    Str: 10    XL:     7   Next: 19%
MP:   17/17         EV: 14    Int: 17    God:
Gold: 436           SH:  0    Dex: 12    Spells: 14/19 levels left

rFire    + . .     SeeInvis .   (no weapon)
rCold    . . .     Gourm    .   (no shield)
rNeg     . . .     Faith    .   (armour unavailable)
rPois    .         Spirit   .   (helmet restricted)
rElec    .         Reflect  .   (no cloak)
rCorr    .         Harm     .   (no gloves)
MR       .....     NoTele   +   (no boots)
Stlth    +.........             (no amulet)
HPRegen  0.17/turn              (no ring)
MPRegen  0.15/turn              (no ring)

@: very slow
A: breathe fire, unfitting armour, fire resistance 1, cold-blooded, AC +6
a: Breathe Fire


You were in the Dungeon.
You were very hungry.

You visited 1 branch You collected 486 gold pieces.
You spent 50 gold pieces at shops.

Inventory:

Scrolls
 h - a scroll of blinking
Potions
 a - a potion of cancellation {unknown}
 c - a potion of curing
 e - a potion of haste
 f - 2 potions of magic
Comestibles
 b - 2 rations


   Skills:
 + Level 1.9 Fighting
 + Level 4.6 Dodging
 + Level 4.2 Stealth
 * Level 6.7 Spellcasting
 + Level 12.6 Conjurations


You had 14 spell levels left.
You knew the following spells:

 Your Spells              Type           Power        Failure   Level  Hunger
a - Magic Dart            Conj           ####         1%          1    None
c - Iskenderun's Mystic   Conj           #####...     1%          4    ####...

Your spell library contained the following spells:

 Spells                   Type           Power        Failure   Level  Hunger
 Searing Ray              Conj           #####.       1%          2    None
 Dazzling Spray           Conj/Hex       ####..       2%          3    ##.....
 Force Lance              Conj/Tloc      ####....     9%          4    ####...
 Fulminant Prism          Conj/Hex       ####......   9%          4    ####...


Dungeon Overview and Level Annotations

Branches:
Dungeon (1/1)

Altars:
Wu Jian
The Shining One

Shops:
D !:=%%[[!(=}*!:?[

Annotations:
D exclusion: oklob plant, Kirke


Innate Abilities, Weirdness & Mutations

You can breathe blasts of fire.
Your fiery red scales are hard. (AC +6)
You cannot fit into any form of body armour.
Your flesh is heat resistant. (rF+)
You are cold-blooded and may be slowed by cold attacks.


Message History

Casting: Iskenderun's Mystic Blast (safe; 1% risk of failure)
Confirm with . or Enter, or press ? or * to list all spells.
Aiming: Iskenderun's Mystic Blast (safe; 1% risk of failure)
Press: ? - help, Shift-Dir - straight line, f/p - tyrant leech
Aim: a tyrant leech
Okay, then.
Found 243 gold pieces.
Found two altars.
You have got your breath back.
The lava snake hisses angrily. x3
A kobold demonologist, a yaktaur captain and Kirke come into view.
The yaktaur captain shouts!
The kobold demonologist shouts!
A skeletal warrior comes into view. It is wielding a +0 battleaxe.
You hear a trumpeting!
A soldier ant comes into view.
You enter the shallow water.
Moving in this stuff is going to be slow.
The yaktaur captain wields a +0 arbalest.
The yaktaur captain shoots a bolt.
The bolt hits you!!!
Ouch! That really hurt!
You die...

##§≈≈≈S°§## ##≈≈°≈≈≈§≈≈## #
+≈≈○°°○°§§≈§# za####≈≈≈°○≈§°§
@Kc≈## ≈°S§○
############≈≈#+++#+++##
###########≈≈≈...w.w...#
##∩.∩.....#≈≈≈≈.##+##..#
##.∩.∩....#≈≈≈@##...##.####
##..∩.∩...#≈≈≈≈#..#..#.w..#
##...∩.∩..#≈≈####.#.####..##
##....∩.⌠.#≈##.###'###.##..#
##...∩.∩..#≈##..##.##$..#..#
##..∩.∩...'≈'.##'.<.+ #'..###
##.∩.∩....#≈##..##.##...#....##
#▓▓▓▓▓▓▓###≈##.###+###.##......
##?Yh######≈≈### ###≈≈.....


You could see a yaktaur captain and a tyrant leech.

Vanquished Creatures
  Menkaure (D)
  4 necrophages (D)
  A scorpion (D)
  4 worker ants (D)
10 creatures vanquished.

Vanquished Creatures (others)
  A crocodile (D)
1 creature vanquished.

Grand Total: 11 creatures vanquished

Notes
Turn   | Place    | Note
-------+----------+-------------------------------------------
     0 | D        | McKennaii the Draconian Conjurer began the quest for the
                  | Orb.
     0 | D        | Reached XP level 1. HP: 14/14 MP: 3/3
     1 | D        | Noticed a worker ant
     1 | D        | Noticed a worker ant
     1 | D        | Noticed a worker ant
     1 | D        | Noticed a worker ant
     5 | D        | Noticed a necrophage
     5 | D        | Noticed a necrophage
     5 | D        | Noticed a necrophage
     5 | D        | Noticed a necrophage
    14 | D        | Killed a necrophage
    14 | D        | Reached skill level 8 in Conjurations
    14 | D        | Reached XP level 2. HP: 20/20 MP: 3/6
    14 | D        | Reached XP level 3. HP: 26/26 MP: 4/8
    14 | D        | Reached XP level 4. HP: 33/33 MP: 4/9
    16 | D        | Killed a necrophage
    16 | D        | Reached skill level 9 in Conjurations
    16 | D        | Reached XP level 5. HP: 38/38 MP: 4/12
    17 | D        | Killed a crocodile
    22 | D        | Killed a necrophage
    22 | D        | Reached skill level 5 in Spellcasting
    22 | D        | Reached skill level 10 in Conjurations
    41 | D        | HP: 1/36 [necrophage (1)]
    44 | D        | Killed a necrophage
    44 | D        | Reached skill level 1 in Fighting
    44 | D        | Reached skill level 11 in Conjurations
    44 | D        | Reached XP level 6. HP: 1/45 MP: 0/14
   118 | D        | Learned a level 4 spell: Iskenderun's Mystic Blast
   756 | D        | Found Aqur's Armour Shop.
   756 | D        | Found Egepn's Distillery.
   756 | D        | Found Beoviasch's Magic Scroll Boutique.
   756 | D        | Found Imoapran's General Store.
   757 | D        | Found Yrae's Gadget Shop.
   757 | D        | Found Cocviatta's Jewellery Boutique.
   757 | D        | Found Faucluc's Antique Weapon Shop.
   757 | D        | Found Iletyowata's Distillery.
   758 | D        | Found Beet's Antique Armour Boutique.
   758 | D        | Found Ylorrod's Food Shop.
   759 | D        | Found Husygiam's Book Shop.
   759 | D        | Found Plog's Antique Armour Boutique.
   759 | D        | Noticed a polar bear
   760 | D        | Found Bubori's Food Boutique.
   760 | D        | Found Rydyunak's Jewellery Shop.
   760 | D        | Noticed Menkaure
   760 | D        | Noticed a polar bear
   760 | D        | Noticed an oklob plant
   761 | D        | Noticed a yak
   763 | D        | Noticed a yak
   765 | D        | Noticed a yak
   766 | D        | Killed Menkaure
   766 | D        | Reached skill level 12 in Conjurations
   766 | D        | Your scales start taking on a fiery red colour.
   766 | D        | Reached XP level 7. HP: 42/51 MP: 6/16
   766 | D        | Gained mutation: Your flesh is heat resistant. (rF+) [Red
                  | Draconian growth]
   767 | D        | Found Ysulikuo's Book Shoppe.
   767 | D        | Found Joxilel's Distillery.
   816 | D        | Noticed a fire dragon
   847 | D        | Bought a ration for 50 gold pieces
   877 | D        | Noticed a flying skull
   878 | D        | Noticed a flying skull
   878 | D        | Noticed a flying skull
   879 | D        | Noticed a flying skull
   879 | D        | Noticed a flying skull
   879 | D        | Noticed a flying skull
   879 | D        | Noticed a flying skull
   880 | D        | Noticed a flying skull
   880 | D        | Noticed a flying skull
   880 | D        | Noticed a flying skull
   880 | D        | Noticed a flying skull
   880 | D        | Noticed a flying skull
   893 | D        | Noticed a tyrant leech
   893 | D        | Noticed a tyrant leech
   895 | D        | Found a glowing golden altar of the Shining One.
   895 | D        | Found an ornate altar of the Wu Jian Council.
   906 | D        | Noticed Kirke
   906 | D        | Noticed a yaktaur captain
   906 | D        | Noticed a kobold demonologist
   906 | D        | Noticed a skeletal warrior
   908 | D        | Shot with a bolt by a yaktaur captain

Levels and vault maps discovered:
D:        the_violet_keep_of_menkaure [sprint2_stairs_cluster_1,
          sprint2_shoproom, sprint2_temple, sprint2_basic_supplies,
          sprint2_obstacle_1, sprint2_obstacle_7, sprint2_obstacle_5,
          sprint2_obstacle_6, sprint2_obstacle_3, sprint2_timed_cluster_1,
          sprint2_smallroom_cluster_1, sprint2_smallroom_final_cluster_1,
          sprint2_transparent_cluster_1, sprint2_second_timed_cluster_1,
          sprint2_sniper_area_1, sprint2_heavy_combat_area_1,
          sprint2_mutation_trap_area_1, sprint2_forest_area_1,
          sprint2_light_combat_area_1, sprint2_behind_water_1,
          sprint2_near_end_vault_1]

Skill      XL: |  1  2  3  4  5  6 |
---------------+-------------------+-----
Dodging        | 2 3 4 |  4.6
Stealth        | 2 3 4 |  4.2
Spellcasting   | 3 4 5 6 |  6.7
Conjurations   | 8 9 11 12 | 12.6
Fighting       | 1 |  1.9

Action                   |  1- 3 |  4- 6 |  7- 9 || total
-------------------------+-------+-------+-------++-------
Melee: Unarmed           |     7 |    26 |       ||    33
       Tailslap          |     1 |     7 |       ||     8
 Cast: Magic Dart        |       |    16 |     1 ||    17
       Iskenderun's Myst |       |     6 |     1 ||     7
 Abil: Breathe Fire      |       |       |     1 ||     1
  Use: Potion            |     1 |     1 |       ||     2
Armor: Skin              |     1 |     6 |       ||     7
Dodge: Dodged            |     2 |    22 |       ||    24
